 Dungeon Crawl Stone Soup version 0.30-a0-4-ga7cffc901d (webtiles) character file.

Game seed: 2440925420406554399

80 Setbun the Cutter (level 4, -1/26 HPs)
             Began as a Kobold Brigand on Aug 21, 2022.
             Slain by an orc
             ... wielding a +0 flail
              (7 damage)
             ... on level 3 of the Dungeon.
             The game lasted 00:01:37 (2511 turns).

Setbun the Cutter (Kobold Brigand)                  Turns: 2511, Time: 00:01:38

Health: -1/26      AC:  4    Str:  8    XL:     4   Next: 65%
Magic:  4/4        EV: 14    Int: 12    God:
Gold:   68         SH:  0    Dex: 18    Spells: 3/3 levels left

rFire   + . .      SeeInvis .    a - +2 dagger
rCold   + . .      Faith    .    (no shield)
rNeg    . . .      Spirit   .    b - +0 robe
rPois   +          Reflect  .    q - +0 helmet
rElec   +          Harm     .    c - +0 cloak
rCorr   +          Rampage  .    (no gloves)
Will    .....                    (no boots)
Stlth   ++++......               (no amulet)
HPRegen 0.08/turn                (no ring)
MPRegen 0.09/turn                (no ring)

@: mighty, resistant, invisible
A: small, no large weapons, nightstalker 3
a: no special abilities


You were on level 3 of the Dungeon.
You visited 1 branch of the dungeon, and saw 3 of its levels.

You collected 68 gold pieces.

Inventory:

Hand Weapons
 a - a +2 dagger (weapon)
Missiles
 d - 9 poisoned darts (quivered)
 e - 3 curare-tipped darts
Armour
 b - a +0 robe (worn)
 c - a +0 cloak (worn)
 q - a +0 helmet (worn)
Scrolls
 k - a scroll of teleportation {unknown}
 l - a scroll of brand weapon {unknown}
 s - a scroll of enchant weapon {unknown}
Potions
 f - 2 potions of curing
 g - 2 potions of might
 i - a potion of resistance
 j - a potion of haste {unknown}
 m - 2 potions of degeneration {unknown}
 n - a potion of attraction {unknown}
 o - a potion of ambrosia {unknown}
 p - a potion of lignification {unknown}
 r - a potion of heal wounds {unknown}


   Skills:
 - Level 2.1 Fighting
 * Level 6.0 Short Blades
 - Level 2.1 Throwing
 - Level 1.2 Dodging
 - Level 5.3 Stealth


You had 3 spell levels left.
You didn't know any spells.
Your spell library was empty.

Dungeon Overview and Level Annotations

Branches:
Dungeon (3/15)

Altars:


Innate Abilities, Weirdness & Mutations

You are small and have problems with some larger weapons.
You are completely attuned to the shadows.


Message History

You barely miss something.
You feel sick. The adder bites you.
The goblin shouts!
The orc shouts!
You hit something.
You hear an angry hiss.
The orc closely misses you.
The hobgoblin hits you but does no damage.
Something barely misses you. The adder bites you.
* * * LOW HITPOINT WARNING * * *
You are lethally poisoned!
The adder poisons you!
It was a potion of curing.
You feel better. The adder barely misses you. Something hits you.
The orc barely misses you. The hobgoblin misses you.
It was a potion of might.
You feel very mighty all of a sudden. The adder barely misses you.
The goblin barely misses you. Something hits you.
An orc comes into view. It is wielding a +0 whip.
The orc closely misses you. The hobgoblin misses you.
A ball python comes into view.
It was a potion of invisibility.
You fade into invisibility!
The adder closely misses you. The goblin hits you with a +0 dagger.
Something hits you.
* * * LOW HITPOINT WARNING * * *
The orc misses you. The hobgoblin hits you.
* * * LOW HITPOINT WARNING * * *
The adder closely misses you.
It was a potion of resistance.
You feel protected. The adder bites you but does no damage.
The goblin misses you. The orc closely misses you.
The hobgoblin barely misses you.
You puncture the adder!
You kill the adder!
The orc completely misses you. The orc barely misses you.
The goblin misses you.
Your Short Blades skill increases to level 6!
You closely miss the hobgoblin. You barely miss the hobgoblin.
The goblin misses you. The hobgoblin barely misses you. The orc misses you.
The orc hits you with a +0 flail!
You die...

.#
#####.#
.....#
#..)..
..###o#
....oo##
#.##g@.#
#...g.#
.........
S#.....##
#......


You could see 3 orcs, a hobgoblin (unable to see you), a goblin (unable to see
you) and a ball python (wandering, unable to see you).

Vanquished Creatures
  2 adders
  A worm (D:2)
  4 dart slugs
  9 ball pythons
  2 endoplasms (D:1)
  2 giant cockroaches (D:1)
  3 goblins
  5 hobgoblins
  7 jackals (D:1)
  2 kobolds (D:1)
  A quokka (D:1)
  2 bats (D:1)
  3 frilled lizards
  2 rats (D:1)
45 creatures vanquished.

Notes
Turn   | Place    | Note
-------+----------+-------------------------------------------
     0 | D:1      | Setbun the Kobold Brigand began the quest for the Orb.
     0 | D:1      | Reached XP level 1. HP: 12/12 MP: 1/1
    42 | D:1      | Reached skill level 3 in Short Blades
   273 | D:1      | Reached XP level 2. HP: 17/17 MP: 2/2
   466 | D:1      | Reached skill level 4 in Short Blades
   940 | D:1      | Reached XP level 3. HP: 21/21 MP: 3/3
  1228 | D:1      | Reached skill level 5 in Short Blades
  1744 | D:2      | Reached XP level 4. HP: 26/26 MP: 4/4
  2510 | D:3      | Reached skill level 6 in Short Blades
  2511 | D:3      | Slain by an orc

Illustrated notes

Levels and vault maps discovered:
D:1:      amcnicky_arrival_underground_garden, layout_loops_corners
D:2:      layout_rooms, roderic_filled_cross
D:3:      layout_loops_ring, ebering_ecumenical_altar_rust,
          kennysheep_generic_room_14, uniq_robin, uniq_jessica

Skill      XL: |  1  2  3  4 |
---------------+-------------+-----
Short Blades   | 3 4 5 6 |  6.0
Fighting       | |  2.1
Throwing       | |  2.1
Dodging        | |  1.2
Stealth        | |  5.3

Action                   |  1- 3 |  4- 6 || total
-------------------------+-------+-------++-------
Melee: Dagger            |    89 |    52 ||   141
       Punch             |     1 |       ||     1
  Use: Potion            |       |     4 ||     4
 Stab: Sleeping          |    16 |     3 ||    19
Armor: Robe              |    15 |    13 ||    28
Dodge: Dodged            |    46 |    66 ||   112

Table legend: (Time is in decaauts)
 A = Elapsed time spent in this place.
 B = Non-inter-level travel time spent in this place.
 C = Inter-level travel time spent in this place.
 D = Time resting spent in this place.
 E = Time spent auto-exploring this place.
 F = Levels seen in this place.
 G = Mean time per level.
                   A        B        C        D        E       F      G
               +--------+--------+--------+--------+--------+-----+--------+
         Total |   2478 |   2442 |     36 |    563 |   1587 |   3 |  826.0 |
       Dungeon |   2478 |   2442 |     36 |    563 |   1587 |   3 |  826.0 |
               +--------+--------+--------+--------+--------+-----+--------+

Top non-repeatable levels by time:
     D:1: 1593 daAuts
     D:2: 869 daAuts
     D:3: 15 daAuts
